 Dungeon Crawl Stone Soup version 0.25.1-2-g60ff931df9 (webtiles) character file.

Game seed: 13063979873869054735

44 DildoBatman the Magician (level 3, -1/24 HPs)
             Began as a Formicid Wizard on Sept 3, 2020.
             Slain by a worm (7 damage)
             ... on level 3 of the Dungeon.
             The game lasted 00:03:06 (1786 turns).

DildoBatman the Magician (Formicid Wizard)          Turns: 1786, Time: 00:03:07

Health: -1/24      AC:  3    Str: 11    XL:     3   Next: 87%
Magic:  0/7        EV: 12    Int: 18    God:
Gold:   125        SH:  0    Dex:  9    Spells: 7/8 levels left

rFire    + . .     SeeInvis +   d - +2 dagger (speed)
rCold    x . .     Gourm    .   (no shield)
rNeg     . . .     Faith    .   a - +0 robe
rPois    .         Spirit   .   (helmet unavailable)
rElec    .         Reflect  .   (no cloak)
rCorr    .         Harm     .   s - +0 pair of gloves
MR       .....                  (no boots)
Stlth    ++........             (no amulet)
HPRegen  0.08/turn              c - ring of fire
MPRegen  0.10/turn              (no ring)

@: no status effects
A: permanent stasis, dig shafts and tunnels, four strong arms, antennae 3
a: Dig, Shaft Self


You were on level 3 of the Dungeon.
You were not hungry.

You visited 1 branch of the dungeon, and saw 3 of its levels.

You collected 125 gold pieces.

Inventory:

Hand Weapons
 d - a +2 dagger of speed (weapon)
 h - a +2 dagger of pain
Missiles
 g - 104 stones (quivered)
 k - 14 poisoned darts
 l - 34 arrows
 o - 23 bolts
Armour
 a - a +0 robe (worn)
 s - a +0 pair of gloves (worn)
Jewellery
 c - a ring of fire (left hand)
Wands
 u - a wand of iceblast (4)
Scrolls
 f - 2 scrolls of remove curse {unknown}
 i - 3 scrolls of teleportation {unknown}
 j - 2 scrolls of amnesia {unknown}
 m - 5 scrolls of identify {unknown}
 q - a scroll of enchant armour {unknown}
 t - a scroll of noise {unknown}
Potions
 b - a potion of lignification {unknown}
 e - a potion of resistance {unknown}
 n - a potion of heal wounds {unknown}
 r - a potion of invisibility {unknown}
Comestibles
 p - a chunk of flesh
 v - 6 rations


   Skills:
 - Level 1.7 Dodging
 - Level 2.4 Stealth
 - Level 3.2 Spellcasting
 * Level 3.1 Conjurations
   Level 1.0 Summonings
   Level 0.8 Translocations


You had 7 spell levels left.
You knew the following spells:

 Your Spells              Type           Power        Failure   Level  Hunger
c - Magic Dart            Conj           ##..         4%          1    None

Your spell library contained the following spells:

 Spells                   Type           Power        Failure   Level  Hunger
 Call Imp                 Summ           #.......     16%         2    ##.....
 Slow                     Hex            #.......     24%         2    ##.....
 Conjure Flame            Conj/Fire      ##......     26%         3    ###....
 Mephitic Cloud           Conj/Pois/Air  #.......     30%         3    ###....
 Blink                    Tloc           Unusable     N/A         2    N/A

Dungeon Overview and Level Annotations

Branches:
Dungeon (3/15)

Altars:
Yredelemnul


Innate Abilities, Weirdness & Mutations

You cannot be hasted, slowed, berserked, paralysed or teleported.
You can dig through walls and to a lower floor.
Your four strong arms can wield two-handed weapons with a shield.
You have a pair of large antennae on your head. (SInv)


Message History

The javelin pierces through you.
You see here a javelin.
You barely miss the worm.
The worm is severely wounded.
You barely miss the worm.
The worm is severely wounded.
The worm bites you!
You hit the worm.
The worm is severely wounded.
The hobgoblin throws a javelin.
The javelin pierces through you.
Casting: Magic Dart (safe; 4% risk of failure)
Confirm with . or Enter, or press ? or * to list all spells.
Aiming: Magic Dart (safe; 4% risk of failure)
Press: ? - help, Shift-Dir - straight line, f/p - worm
Aim: a worm (severely wounded)
The magic dart hits the worm.
The worm is almost dead.
The worm bites you!
You die...

.... #.# .....
... .....##.##
.......g.
.........
......#.#
........###
#.w@..#
###########.#
.........##.#
########.##.#
#......##.####
#.####.<.....#
#.).....#
#.......#
#..........


You could see a worm and a hobgoblin.

Vanquished Creatures
  An adder (D:2)
  A dart slug (D:3)
  2 bats
  A giant cockroach (D:1)
  5 hobgoblins (D:1)
  5 jackals (D:1)
  A frilled lizard (D:1)
  6 goblins
  A kobold (D:1)
  7 rats
30 creatures vanquished.

Notes
Turn   | Place    | Note
-------+----------+-------------------------------------------
     0 | D:1      | DildoBatman the Formicid Wizard began the quest for the
                  | Orb.
     0 | D:1      | Reached XP level 1. HP: 13/13 MP: 4/4
    14 | D:1      | Reached skill level 1 in Conjurations
   299 | D:1      | Reached XP level 2. HP: 19/19 MP: 1/6
   933 | D:1      | Reached XP level 3. HP: 24/24 MP: 3/7
  1464 | D:2      | Found a basalt altar of Yredelemnul.
  1786 | D:3      | Slain by a worm

Illustrated notes

Levels and vault maps discovered:
D:1:      lightli_arrival_quake, layout_loops_corners, amethyst_killhole,
          minmay_tromino_i4
D:2:      layout_rooms, yredelemnul_altar_generic
D:3:      layout_basic, chequers_temple_overflow_statue_of_worship,
          ebering_ghost_rock_garden, first_ration, lemuel_blue_sif_altar,
          uniq_crazy_yiuf_cottage, uniq_jessica, uniq_terence

Skill      XL: |  1  2  3 |
---------------+----------+-----
Conjurations   | 1 2 3 |  3.1
Dodging        | |  1.7
Stealth        | |  2.4
Spellcasting   | |  3.2
Summonings     | |  1.0
Translocations | |  0.8

Action                   || total
-------------------------++-------
Melee: Unarmed           ||     9
       Dagger            ||    33
 Cast: Magic Dart        ||    67
 Abil: Dig               ||     2
  Eat: Chunk             ||     3
Armor: Robe              ||    12
Dodge: Dodged            ||    45
